 Dungeon Crawl Stone Soup version 0.22.1-1-ga44c0e5 (webtiles) character file.

284 Monsterracer the Slasher (level 6, -2/50 HPs)
             Began as a Barachi Warper on Sept 25, 2018.
             Was an Initiate of Gozag.
             Slain by a white imp (4 damage)
             ... summoned by Eustachio
             ... on level 5 of the Dungeon.
             The game lasted 00:07:32 (4104 turns).

Monsterracer the Slasher (Barachi Warper)           Turns: 4104, Time: 00:07:33

Health: -2/50      AC:  7    Str: 10 (12) XL:     6   Next: 29%
Magic:  9/9        EV: 11    Int: 13      God:    Gozag
Gold:   152        SH:  0    Dex: 14      Spells: 9/9 levels left

rFire    x . .     SeeInvis .   a - +0 falchion
rCold    + . .     Gourm    .   (no shield)
rNeg     . . .     Faith    .   l - +0 ring mail
rPois    .         Spirit   .   (no helmet)
rElec    .         Reflect  .   k - +0 cloak
rCorr    .         Harm     .   (no gloves)
MR       .....                  u - +0 pair of boots
Stlth    +.........             (no amulet)
HPRegen  0.16/turn              j - -2 ring of strength (curse)
MPRegen  0.11/turn              w - ring of ice

@: can't hop, slow
A: +LOS, swims, thin skeletal structure 1, deterioration 1, sense surroundings
1, slowness 1, wild magic 1, strong legs 1
a: Hop, Potion Petition, Call Merchant, Bribe Branch, Renounce Religion


You were on level 5 of the Dungeon.
You worshipped Gozag.
Gozag was aware of your devotion.
You were hungry.

You visited 1 branch of the dungeon, and saw 5 of its levels.

You collected 210 gold pieces.
You paid 58 gold pieces to Gozag.

Inventory:

Hand Weapons
 a - a +0 falchion (weapon)
 b - a +1 rapier
Missiles
 e - 5 tomahawks of dispersal (quivered)
Armour
 k - a +0 cloak (worn)
 l - a +0 ring mail (worn)
 u - a +0 pair of boots (worn)
Jewellery
 j - a cursed -2 ring of strength (left hand)
 q - an uncursed ring of ice
 w - a ring of ice (right hand)
 x - an uncursed ring of fire
Scrolls
 d - 2 scrolls of blinking
 o - a scroll of magic mapping {unknown}
Potions
 f - a potion of curing
 m - 2 potions of agility
 p - a potion of resistance
 v - a potion of cancellation
Comestibles
 c - 5 rations


   Skills:
 + Level 4.8 Fighting
 * Level 6.5 Long Blades
 - Level 1.0 Throwing
 - Level 1.2 Armour
 - Level 2.1 Dodging
 - Level 2.1 Spellcasting
   Level 3.2 Translocations


You had 9 spell levels left.
You didn't know any spells.
Your spell library contained the following spells:

 Spells                   Type           Power        Failure   Level  Hunger
 Blink                    Tloc           N/A          32%         2    ###....
 Shroud of Golubria       Chrm/Tloc      #.........   52%         2    ###....
 Gell's Gravitas          Tloc           ##........   52%         3    ####...
 Lesser Beckoning         Tloc           ##........   52%         3    ####...
 Teleport Other           Tloc           ##......     52%         3    ####...
 Passage of Golubria      Tloc           N/A          89%         4    #####..


Dungeon Overview and Level Annotations

Branches:
Dungeon (5/15)
 Temple: D:4-7

Altars:
Gozag
Makhleb
Nemelex Xobeh

Annotations:
D:5 Eustachio


Innate Abilities, Weirdness & Mutations

Shadows flee at your approach. (+LOS)
You can swim through water.
You cover ground slowly.
You can hop short distances.
You have a somewhat thin skeletal structure. (Dex +2, Stealth)
Your body sometimes deteriorates upon taking damage.
You passively map a small area around you.
Your spells are a little harder to cast, but a little more powerful.


Message History

The crimson imp is lightly wounded.
You barely miss the crimson imp.
The crimson imp is lightly wounded.
The white imp shouts, "Scamper hence, thou unctious milk-livered pustule!"
Eustachio calls on the powers of shadow!
The crimson imp hits you but does no damage.
You barely miss the crimson imp.
The crimson imp blinks!
The crimson imp disappears in a puff of smoke!
The white imp hits you but does no damage.
Things that are here:
a flail of crushing; a robe You hit the white imp.
The white imp is moderately wounded.
The white imp hits you.
* * * LOW HITPOINT WARNING * * *
The white imp freezes you.
* * * LOW HITPOINT WARNING * * *
You take 6 damage, and have 12/50 hp.
Put on which piece of jewellery? (? for menu, Esc to quit)
You feel more attuned to ice.
w - a ring of ice (right hand)
The white imp hits you but does no damage.
You hit the white imp but do no damage.
The white imp is moderately wounded.
Eustachio gestures wildly while chanting.
The white imp hits you but does no damage.
Unknown command.
Unknown command.
Unknown command.
You barely miss the white imp.
The white imp is moderately wounded.
Eustachio gestures wildly while chanting.
The white imp hits you but does no damage.
You closely miss the white imp.
The white imp is moderately wounded.
The white imp gestures at you. The puff of frost hits you! You resist.
* * * LOW HITPOINT WARNING * * *
You take 3 damage, and have 9/50 hp.
Unknown command.
You barely miss the white imp.
The white imp is moderately wounded.
The white imp barely misses you.
You feel better.
Eustachio casts a spell.
Eustachio blinks!
The white imp hits you but does no damage.
You regained 8 hp, and now have 17/50 hp.
You hit the white imp.
The white imp is heavily wounded.
The white imp gestures at you. The puff of frost hits you! You resist.
* * * LOW HITPOINT WARNING * * *
You take 2 damage, and have 15/50 hp.
You barely miss the white imp.
The white imp is heavily wounded.
The white imp disappears in a puff of smoke!
The bat completely misses you.
You riposte.
You miss the bat. The bat barely misses you. The bat misses you.
Eustachio mumbles some strange words. x2
You hit Eustachio but do no damage.
Eustachio is severely wounded.
The bat hits you but does no damage.
Eustachio hits you with a falchion of protection.
* * * LOW HITPOINT WARNING * * *
You take 4 damage, and have 11/50 hp.
You miss Eustachio.
Eustachio is severely wounded.
The bat closely misses you.
Unknown command.
You hit Eustachio.
Eustachio is almost dead.
The bat closely misses you.
You riposte.
You hit the bat.
You kill the bat!
The bat's corpse disappears in a puff of smoke!
Eustachio closely misses you.
You riposte.
You hit Eustachio.
Eustachio is almost dead.
Unknown command.
You closely miss Eustachio.
Eustachio is almost dead.
Eustachio casts a spell.
Eustachio blinks!
The river rat closely misses you.
You riposte.
You hit the river rat.
The river rat is moderately wounded.
Unknown command.
Unknown command.
You hit the white imp but do no damage. The river rat closely misses you.
Unknown command.
You hit the white imp but do no damage. The white imp gestures at you.
The puff of frost hits you! You resist.
* * * LOW HITPOINT WARNING * * *
The river rat bites you.
* * * LOW HITPOINT WARNING * * *
You take 10 damage, and have 2/50 hp.
Hop to where?
Press: ? - help, Dir - move target cursor Boing!
The white imp hits you.
You die...
Your body crumbles into a pile of gold.

* ### ** , #.. #.# *
####### #.# _,
#.....######## #.# *
,
#.........@@5####.#
,
#<)...######5.§rrr##
*### #######
######..####.##
##.....r.###
######..... #.....
###### *


You could see Eustachio, a river rat, 2 white imps and 2 rats.

Vanquished Creatures
  Blork the orc (D:5)
  A scorpion (D:4)
  An orc priest (D:2)
  An orc wizard (D:4)
  3 adders
  An ooze (D:5)
  3 dart slugs
  3 leopard geckos
  7 orcs
  7 bats
  7 giant cockroaches
  5 hobgoblins
  5 jackals
  3 kobolds
  A quokka (D:2)
  4 frilled lizards
  5 goblins
  A quokka zombie (D:2)
  6 rats
65 creatures vanquished.

Notes
Turn   | Place    | Note
-------+----------+-------------------------------------------
     0 | D:1      | Monsterracer the Barachi Warper began the quest for the
                  | Orb.
     0 | D:1      | Reached XP level 1. HP: 17/17 MP: 3/3
   152 | D:1      | Reached skill level 3 in Long Blades
   152 | D:1      | Reached XP level 2. HP: 14/23 MP: 5/5
  1019 | D:2      | Found a burning altar of Makhleb.
  1232 | D:2      | Reached XP level 3. HP: 28/29 MP: 6/6
  1458 | D:2      | Reached skill level 4 in Long Blades
  1672 | D:2      | Found a sparkling altar of Nemelex Xobeh.
  1722 | D:2      | HP: 14/29 [poisoned by an adder]
  1727 | D:1      | HP: 10/29 [poisoned by an adder]
  1732 | D:1      | HP: 8/29 [poisoned by an adder]
  1739 | D:1      | HP: 7/29 [poisoned by an adder]
  1747 | D:1      | HP: 5/29 [poisoned by an adder]
  2073 | D:2      | Reached XP level 4. HP: 33/35 MP: 7/7
  2593 | D:3      | HP: 13/37 [orc priest/divine providence (15)]
  2823 | D:2      | Reached skill level 5 in Long Blades
  2834 | D:3      | Reached XP level 5. HP: 34/42 MP: 8/8
  3350 | D:4      | Found an opulent altar of Gozag.
  3377 | D:4      | HP: 20/42 [poisoned by an adder]
  3380 | D:4      | Became a worshipper of Gozag Ym Sagoz the Greedy
  3389 | D:4      | HP: 32/64 [poisoned by an adder]
  3395 | D:4      | HP: 21/43 [poisoned by an adder]
  3401 | D:4      | HP: 19/43 [poisoned by an adder]
  3407 | D:4      | HP: 19/43 [poisoned by an adder]
  3428 | D:4      | HP: 21/43 [giant cockroach (1)]
  3464 | D:4      | Reached skill level 6 in Long Blades
  3466 | D:4      | HP: 12/43 [orc priest/divine providence (11)]
  3481 | D:4      | HP: 13/43 [ooze (1)]
  3482 | D:5      | Entered Level 5 of the Dungeon
  3732 | D:5      | Noticed Blork the orc
  3756 | D:5      | HP: 21/43 [Blork the orc/flail of crushing (3)]
  3758 | D:5      | Killed Blork the orc
  3758 | D:5      | Reached XP level 6. HP: 20/50 MP: 9/9
  3952 | D:5      | Noticed Eustachio
  3968 | D:5      | Gained mutation: You passively map a small area around you.
                  | [potion of mutation]
  3968 | D:5      | Gained mutation: Your body sometimes deteriorates upon
                  | taking damage. [potion of mutation]
  3968 | D:5      | Gained mutation: You have a somewhat thin skeletal
                  | structure. (Dex +2, Stealth) [potion of mutation]
  3968 | D:5      | Gained mutation: Your spells are a little harder to cast,
                  | but a little more powerful. [potion of mutation]
  4022 | D:5      | HP: 21/50 [river rat[Eustachio] (5)]
  4028 | D:5      | HP: 24/75 [Eustachio/falchion of protection (2)]
  4034 | D:5      | HP: 18/75 [river rat[Eustachio] (3)]
  4046 | D:5      | HP: 13/50 [ufetubus[Eustachio] (1)]
  4050 | D:5      | HP: 3/50 [iron imp[Eustachio] (10)]
  4055 | D:5      | HP: 20/50 [iron imp[Eustachio] (3)]
  4061 | D:5      | HP: 23/50 [white imp[Eustachio] (3)]
  4088 | D:5      | HP: 15/50 [white imp[Eustachio] (4)]
  4095 | D:5      | HP: 15/50 [white imp/puff of frost[Eustachio] (3)]
  4103 | D:5      | HP: 8/50 [white imp/puff of frost[Eustachio] (4)]
  4103 | D:5      | HP: 2/50 [river rat[Eustachio] (6)]
  4104 | D:5      | Slain by a white imp

Skill      XL: |  1  2  3  4  5 |
---------------+----------------+-----
Long Blades    | 3 4 5 6 |  6.5
Fighting       | 3 4 |  4.8
Throwing       | |  1.0
Armour         | |  1.2
Dodging        | |  2.1
Spellcasting   | |  2.1
Translocations | |  3.2

Action                   |  1- 3 |  4- 6 || total
-------------------------+-------+-------++-------
Melee: Falchion          |   146 |   238 ||   384
       Unarmed           |       |    29 ||    29
Invok: Potion Petition   |       |     1 ||     1
 Abil: Hop               |       |     4 ||     4
  Use: Scroll            |       |    11 ||    11
       Potion            |       |     7 ||     7
  Eat: Chunk             |     4 |     4 ||     8
       Ration            |       |     1 ||     1
Armor: Leather armour    |    13 |       ||    13
       Ring mail         |    47 |    82 ||   129
       Skin              |       |    69 ||    69
Dodge: Dodged            |    91 |   137 ||   228
       Rpst.: Falchion   |    35 |    47 ||    82

Vault maps used:
D:1:      moated_graveyard_arrival
D:2:      overflow_temple_1_default, nemelex_diamond_rough_becter
D:4:      minmay_temple_entry_glassed_door, skrybe_limestone_x,
          grunt_gozag_statues, uniq_pikel
D:5:      chequers_temple_overflow_minitemple, first_ration, serial_shops, shop,
          nicolae_shop_competitors_out_of_business, nicolae_shop_trees,
          nrook_mini_backslash, kennysheep_generic_room_9, uniq_grinder,
          uniq_eustachio, uniq_blork_the_orc
